 Dungeon Crawl Stone Soup version 0.22-a0-135-g6f012ad (webtiles) character file.

37 Azzok the Vexing (level 3, -2/19 HPs)
             Began as a Deep Elf Enchanter on Feb 1, 2018.
             Slain by Robin
             ... wielding a +0 club
              (3 damage)
             ... on level 2 of the Dungeon.
             The game lasted 00:03:39 (1603 turns).

Azzok the Vexing (Deep Elf Enchanter)               Turns: 1603, Time: 00:03:40

Health: -2/19      AC:  2    Str:  5    XL:     3   Next: 23%
Magic:  3/9        EV: 13    Int: 20    God:
Gold:   53         SH:  0    Dex: 15    Spells: 5/8 levels left

rFire    . . .     SeeInvis .   a - +1 dagger
rCold    . . .     Gourm    .   (no shield)
rNeg     . . .     Faith    .   b - +0 robe
rPois    .         Spirit   .   (no helmet)
rElec    .         Reflect  .   (no cloak)
rCorr    .         Harm     .   (no gloves)
MR       .....                  (no boots)
Stlth    +++.......             (no amulet)
HPRegen  0.06/turn              (no ring)
MPRegen  0.11/turn              (no ring)

@: no status effects
A: no striking features
a: no special abilities


You were on level 2 of the Dungeon.
You were hungry.

You visited 1 branch of the dungeon, and saw 2 of its levels.

You collected 53 gold pieces.

Inventory:

Hand Weapons
 a - a +1 dagger (weapon)
Armour
 b - a +0 robe (worn)
Scrolls
 e - 3 scrolls of fog {unknown}
 g - a scroll of blinking {unknown}
Potions
 f - a potion of flight {unknown}
 h - a potion of magic {unknown}
Books
 c - a book of Maledictions

   Spells                             Type                      Level
   a - Corona                         Hexes                        1
   b - Ensorcelled Hibernation        Hexes/Ice                    2
   c - Confuse                        Hexes                        3
   d - Tukima's Dance                 Hexes                        3
   e - Dazzling Spray                 Conjuration/Hexes            3
Comestibles
 d - 3 rations
 i - a chunk of flesh


   Skills:
 * Level 2.5 Short Blades
 - Level 2.4 Dodging
 + Level 3.8 Stealth
 - Level 3.0 Spellcasting
 + Level 4.6 Hexes


You had 5 spell levels left.
You knew the following spells:

 Your Spells              Type           Power        Failure   Level  Hunger
a - Corona                Hex            ###....      2%          1    None
b - Ensorcelled Hibernat  Hex/Ice        ##....       9%          2    ##.....


Dungeon Overview and Level Annotations

Branches:
Dungeon (2/15)

Altars:
Elyvilon

Annotations:
D:2 Robin


Message History

Robin roars a battlecry!
Robin roars a battlecry!
The goblin goes into a battle-frenzy!
The hobgoblin no longer looks unusually strong.
A goblin comes into view. It is wielding a club.
Robin throws the goblin at you!
Casting: Ensorcelled Hibernation (safe; 9% risk of failure)
Confirm with . or Enter, or press ? or * to list all spells.
Aiming: Ensorcelled Hibernation (safe; 9% risk of failure)
Press: ? - help, Shift-Dir - straight line, f/p - Robin
Aim: Robin, wielding a club, wearing an animal skin and wearing a runed helmet (chance to defeat MR: 51%)
The goblin looks drowsy...
The goblin shouts!
The helpless goblin fails to defend itself.
You impale the goblin!!
You kill the goblin!
The goblin hits you with a dagger.
* * * LOW HITPOINT WARNING * * *
Robin hits you with a club.
You die...

▒····▒▒▒▒▒··▒▒▒ ▒····▒
▒▒···▒▒ ▒▒ ▒▒▒▒▒··▒·▒ ▒····▒
··▒ ▒······▒·▒ ▒▒▒····▒▒▒▒▒
···▒▒[·····▒·▒▒▒▒···g······▒▒
··········▒·▒·····▒·g%··▒··▒
▒············▒▒▒···········
▒·▒▒······gg·▒▒▒ ▒·▒g⌠·⌠·▒·▒▒
▒··········▒@▒ ▒·········▒
▒·▒······g▒g▒ ▒·▒·····▒·▒
···········▒·▒ ▒····_····▒
▒▒·········gg▒▒ ▒·▒·····▒·▒
▒·····▒▒▒g▒▒g·▒ ▒·········▒
··▒·▒· ▒·†·(·▒ ▒·▒·⌠·g·▒·▒ ▒
▒·▒· ▒▒▒·<·▒▒▒▒···g·g·gg▒ ▒ ▒
▒······▒ ▒······g·····


You could see Robin, a hobgoblin and 4 goblins.

Vanquished Creatures
  An adder (D:2)
  A dart slug (D:1)
  2 leopard geckos
  2 bats
  A giant cockroach (D:1)
  5 hobgoblins
  3 frilled lizards (D:1)
  5 goblins
  4 rats (D:1)
24 creatures vanquished.

Notes
Turn   | Place    | Note
-------+----------+-------------------------------------------
     0 | D:1      | Azzok the Deep Elf Enchanter began the quest for the Orb.
     0 | D:1      | Reached XP level 1. HP: 10/10 MP: 6/6
   510 | D:1      | Reached XP level 2. HP: 15/15 MP: 6/8
   608 | D:1      | Learned a level 2 spell: Ensorcelled Hibernation
  1388 | D:2      | Found a white marble altar of Elyvilon.
  1394 | D:2      | Reached XP level 3. HP: 19/19 MP: 6/9
  1399 | D:2      | Noticed Robin
  1603 | D:2      | Slain by Robin

Vault maps used:
D:1:      nzn_arrival_settlement, chequers_big_river
D:2:      fiery_altar_vehumet, minmay_misc_feat_enclosed, elyvilon_altar_5,
          uniq_robin, uniq_terence, uniq_crazy_yiuf_cottage

Skill      XL: |  1  2 |
---------------+-------+-----
Short Blades   | 2 |  2.5
Dodging        | |  2.4
Stealth        | |  3.8
Spellcasting   | |  3.0
Hexes          | |  4.6

Action                   || total
-------------------------++-------
Melee: Dagger            ||    56
 Cast: Corona            ||     6
       Ensorcelled Hiber ||    14
 Stab: Sleeping          ||    16
  Eat: Chunk             ||     2
Armor: Robe              ||     9
Dodge: Dodged            ||    42

Table legend:
 A = Spawn XP
 B = Non-spawn XP
 C = Spawn XP percentage of total XP
 D = Spawn monster count
 E = Non-spawn monster count
 F = Spawn count percentage of total count
 G = Total turns spent on level
                    A         B        C        D         E        F      G
               +---------+---------+-------+---------+---------+-------+---------
         Total |       0 |      54 |   0.0 |       0 |      24 |   0.0 |  1603
               +---------+---------+-------+---------+---------+-------+---------
           D:1 |       0 |      27 |   0.0 |       0 |      16 |   0.0 |  1446
           D:2 |       0 |      27 |   0.0 |       0 |       8 |   0.0 |   157
               +---------+---------+-------+---------+---------+-------+---------
